 Dungeon Crawl Stone Soup version 0.18-a0-1774-gce1f7b6 (webtiles) character file.

112 namelastname112 the Slasher (level 4, 0/40 HPs)
             Began as a Draconian Chaos Knight on Apr 15, 2016.
             Slain by an orc
             ... wielding a +0 flail
              (6 damage)
             ... on level 3 of the Dungeon.
             The game lasted 00:02:16 (1715 turns).

namelastname112 the Slasher (DrCK)                  Turns: 1715, Time: 00:02:18

Health: 0/40       AC:  5    Str: 14    XL:     4   Next: 63%
Magic:  4/4        EV: 13    Int: 12    God:    Xom [...*..]
Gold:   136        SH:  0    Dex: 12    Spells: 0 memorised, 3 levels left

rFire  . . .     SeeInvis .     a - +0 falchion (chaos)
rCold  . . .     Gourm    .     (armour unavailable)
rNeg   . . .     Faith    .     (no shield)
rPois  .         Spirit   .     (helmet restricted)
rElec  .         Dismiss  .     (no cloak)
rCorr  .         Reflect  .     (no gloves)
SustAt .         Harm     .     (no boots)
MR     .....                    (no amulet)
Stlth  +.........               (no ring)
                                (no ring)

@: not resistant to hostile enchantments, very unstealthy
A: unfitting armour, cold-blooded, AC +5
a: Renounce Religion


You were on level 3 of the Dungeon.
You worshipped Xom.
You were a favourite toy of Xom.
You were hungry.

You visited 1 branch of the dungeon, and saw 3 of its levels.

You collected 136 gold pieces.

Inventory:

Hand Weapons
 a - a +0 falchion of chaos (weapon)
Missiles
 d - a throwing net (quivered)
Scrolls
 c - 3 scrolls of blinking {unknown}
 e - 4 scrolls of remove curse {unknown}
 f - 2 scrolls of teleportation {unknown}
 g - 3 scrolls of identify {unknown}
 h - a scroll of fear {unknown}
 j - a scroll of fog {unknown}
 o - a scroll of noise {unknown}
Potions
 k - a potion of curing {unknown}
 l - 2 potions of cure mutation {unknown}
 n - a potion of resistance {unknown}
 p - 2 potions of might {unknown}
Comestibles
 b - 2 bread rations
 i - 2 meat rations
 m - a royal jelly
 q - a beef jerky


   Skills:
 + Level 4.1 Fighting
 * Level 4.2 Long Blades
 + Level 3.1 Dodging


You had 3 spell levels left.
You didn't know any spells.

Dungeon Overview and Level Annotations

Branches:
Dungeon (3/15)

Altars:
Makhleb
Pakellas


Innate Abilities, Weirdness & Mutations

Your plain brown scales are hard (AC +5).
Your body does not fit into most forms of armour.
You are cold-blooded and may be slowed by cold attacks.


Message History

Your tail-slap misses the orc.
The orc closely misses you.
You barely miss the orc. The orc hits you with a flail!
* * * LOW HITPOINT WARNING * * *
The orc hits you but does no damage.
An orc comes into view. It is wielding a hand axe.
The orc shouts!
You are too injured to fight recklessly!
You are too injured to fight recklessly!
You take 8 damage, and have 6/40 hp.
You are too injured to fight recklessly!
You are too injured to fight recklessly!
You are too injured to fight recklessly!
You hit the orc but do no damage. You drain the orc!
Your tail-slap misses the orc.
The orc is moderately wounded.
You hear a shout!
The orc cheers to no one in particular.
The orc hits you with a flail.
You die... "It's all fun and games until someone loses an eye."

#.# #####.##.# #.#
#.....##.# #)#
#.######.# #.####.#
#.# .......######.#
#.###.......(.#######
.......#####.#(.....#
#..##..# #.###(####.#
##.##... ..# ##@oo#
.##..###$ #.##o#
....## # #.# # .##..
#.# ..# ##


You could see 3 orcs.

Vanquished Creatures
  An orc wizard (D:3)
  3 adders
  A worm (D:2)
  3 dart slugs
  A giant gecko (D:1)
  3 orcs (D:3)
  2 giant cockroaches (D:1)
  6 goblins
  4 hobgoblins
  A quokka (D:3)
  9 bats
  A giant newt (D:1)
  6 kobolds
  7 rats
48 creatures vanquished.

Vanquished Creatures (others)
  A boulder beetle (D:3)
  A bush (D:3)
2 creatures vanquished.

Grand Total: 50 creatures vanquished

Notes
Turn   | Place    | Note
--------------------------------------------------------------
     0 | D:1      | namelastname112 the Draconian Chaos Knight began the quest for the Orb.
     0 | D:1      | Reached XP level 1. HP: 19/19 MP: 1/1
    54 | D:1      | XOM: divination: detect items
   191 | D:1      | xeno23: ну как бы сиксфри на д3 это сразу смерть
   252 | D:1      | XOM: silly message
   263 | D:1      | XOM: divination: detect creatures
   272 | D:1      | Reached XP level 2. HP: 23/26 MP: 2/2
   295 | D:1      | xeno23: он и на д10 смерть
   462 | D:1      | namelastname112: @??sixfirhy
   462 | D:1      | beem: sixfirhy (4)
                  | Spd: 40 (move: 60%)
                  | HD: 7
                  | HP: 33-47
                  | AC/EV: 2/20
                  | Dam: 15(elec:7-9)
                  | demonic, doors, unholy
                  | Res: magic(60), rot, neg+++, torm
                  | Vul: holy++
                  | XP:
   504 | Sz: little | Int: human.
   462 | D:1      | xeno23: они быстрые как суки и с элеком
   462 | D:1      | namelastname112: ну к д10 можно разковырять уже
   566 | D:1      | XOM: harmless Summ miscast
   579 | D:1      | xeno23: ну если есть релек то без проблем
   882 | D:2      | XOM: polymorph giant newt -> adder
   888 | D:2      | Reached XP level 3. HP: 19/31 MP: 3/3
  1132 | D:2      | XOM is BORED!
  1132 | D:2      | XOM: mild Divn miscast
  1189 | D:2      | XOM: 2-stop teleportation journey
  1480 | D:3      | Reached XP level 4. HP: 37/40 MP: 4/4
  1587 | D:3      | Found an oddly glowing altar of Pakellas.
  1588 | D:3      | Noticed a boulder beetle
  1604 | D:3      | Killed a boulder beetle
  1658 | D:3      | Found a burning altar of Makhleb.
  1684 | D:3      | XOM: fog
  1715 | D:3      | Slain by an orc

Vault maps used:
D:1:      dpeg_arrival_round_b, serial_corexii_hall, corexii_hall_statues_l,
          corexii_hall_statues_s, corexii_hall_statues_x,
          corexii_hall_statues_x, corexii_hall_statues_u, corexii_hall_statues_i
D:2:      first_bread
D:3:      nicolae_overflow_hidden_temple, gammafunk_pakellas_spire_experiment

Skill      XL: |  1  2  3  4 |
---------------+-------------+-----
Dodging        | 3 |  3.1
Long Blades    | 4 |  4.2
Fighting       | 4 |  4.1

Action                   |  1- 3 |  4- 6 || total
-------------------------+-------+-------++-------
Melee: Falchion          |    95 |    47 ||   142
       Tailslap          |    13 |     5 ||    18
  Eat: Chunk             |     1 |     1 ||     2
Armor: Skin              |    29 |    12 ||    41
Dodge: Dodged            |    69 |    38 ||   107
